Workbook

Sheet Schedule
A1: Home loan amortisation schedule
A2: Change the yellow cells. Everything else updates. Free from loancheckup.in. Estimates only: your lender's statement is the final word.
A4: Loan amount (₹) | C4: 5000000
A5: Interest rate (% a year) | C5: 8.5
A6: Tenure (years) | C6: 20
A7: First EMI date | C7: 46331
A8: Extra payment every month (₹, optional) | C8: 0
A9: Results
A10: Monthly EMI (₹) | C10: =IF(C5=0,C4/(C6*12),C4*(C5/1200)/(1-(1+C5/1200)^-(C6*12)))
A11: Total interest with no extra payment (₹) | C11: =C10*C6*12-C4
A12: Total interest with your extra payment (₹) | C12: =SUM($E$18:$E$497)
A13: Interest saved by the extra payment (₹) | C13: =C11-C12
A14: Months to finish the loan | C14: =COUNT($A$18:$A$497)
A15: Months saved by the extra payment | C15: =C6*12-C14
A17: Month | B17: Date | C17: Opening balance | D17: EMI paid | E17: Interest | F17: Principal | G17: Extra payment | H17: Closing balance | I17: Year
A18: =IF(C18>0.005,1,"") | B18: =IF(A18="","",EDATE($C$7,1-1)) | C18: =$C$4 | D18: =IF(C18>0.005,IF(C18+E18-$C$10<1,C18+E18,$C$10),0) | E18: =IF(C18>0.005,C18*$C$5/1200,0) | F18: =IF(C18>0.005,D18-E18,0) | G18: =IF(C18>0.005,MIN($C$8,C18-F18),0) | H18: =IF(C18>0.005,C18-F18-G18,0) | I18: =IF(A18="","",INT((1-1)/12)+1)
A19: =IF(C19>0.005,2,"") | B19: =IF(A19="","",EDATE($C$7,2-1)) | C19: =H18 | D19: =IF(C19>0.005,IF(C19+E19-$C$10<1,C19+E19,$C$10),0) | E19: =IF(C19>0.005,C19*$C$5/1200,0) | F19: =IF(C19>0.005,D19-E19,0) | G19: =IF(C19>0.005,MIN($C$8,C19-F19),0) | H19: =IF(C19>0.005,C19-F19-G19,0) | I19: =IF(A19="","",INT((2-1)/12)+1)
A20: =IF(C20>0.005,3,"") | B20: =IF(A20="","",EDATE($C$7,3-1)) | C20: =H19 | D20: =IF(C20>0.005,IF(C20+E20-$C$10<1,C20+E20,$C$10),0) | E20: =IF(C20>0.005,C20*$C$5/1200,0) | F20: =IF(C20>0.005,D20-E20,0) | G20: =IF(C20>0.005,MIN($C$8,C20-F20),0) | H20: =IF(C20>0.005,C20-F20-G20,0) | I20: =IF(A20="","",INT((3-1)/12)+1)
A21: =IF(C21>0.005,4,"") | B21: =IF(A21="","",EDATE($C$7,4-1)) | C21: =H20 | D21: =IF(C21>0.005,IF(C21+E21-$C$10<1,C21+E21,$C$10),0) | E21: =IF(C21>0.005,C21*$C$5/1200,0) | F21: =IF(C21>0.005,D21-E21,0) | G21: =IF(C21>0.005,MIN($C$8,C21-F21),0) | H21: =IF(C21>0.005,C21-F21-G21,0) | I21: =IF(A21="","",INT((4-1)/12)+1)
A22: =IF(C22>0.005,5,"") | B22: =IF(A22="","",EDATE($C$7,5-1)) | C22: =H21 | D22: =IF(C22>0.005,IF(C22+E22-$C$10<1,C22+E22,$C$10),0) | E22: =IF(C22>0.005,C22*$C$5/1200,0) | F22: =IF(C22>0.005,D22-E22,0) | G22: =IF(C22>0.005,MIN($C$8,C22-F22),0) | H22: =IF(C22>0.005,C22-F22-G22,0) | I22: =IF(A22="","",INT((5-1)/12)+1)
A23: =IF(C23>0.005,6,"") | B23: =IF(A23="","",EDATE($C$7,6-1)) | C23: =H22 | D23: =IF(C23>0.005,IF(C23+E23-$C$10<1,C23+E23,$C$10),0) | E23: =IF(C23>0.005,C23*$C$5/1200,0) | F23: =IF(C23>0.005,D23-E23,0) | G23: =IF(C23>0.005,MIN($C$8,C23-F23),0) | H23: =IF(C23>0.005,C23-F23-G23,0) | I23: =IF(A23="","",INT((6-1)/12)+1)
A24: =IF(C24>0.005,7,"") | B24: =IF(A24="","",EDATE($C$7,7-1)) | C24: =H23 | D24: =IF(C24>0.005,IF(C24+E24-$C$10<1,C24+E24,$C$10),0) | E24: =IF(C24>0.005,C24*$C$5/1200,0) | F24: =IF(C24>0.005,D24-E24,0) | G24: =IF(C24>0.005,MIN($C$8,C24-F24),0) | H24: =IF(C24>0.005,C24-F24-G24,0) | I24: =IF(A24="","",INT((7-1)/12)+1)
A25: =IF(C25>0.005,8,"") | B25: =IF(A25="","",EDATE($C$7,8-1)) | C25: =H24 | D25: =IF(C25>0.005,IF(C25+E25-$C$10<1,C25+E25,$C$10),0) | E25: =IF(C25>0.005,C25*$C$5/1200,0) | F25: =IF(C25>0.005,D25-E25,0) | G25: =IF(C25>0.005,MIN($C$8,C25-F25),0) | H25: =IF(C25>0.005,C25-F25-G25,0) | I25: =IF(A25="","",INT((8-1)/12)+1)
A26: =IF(C26>0.005,9,"") | B26: =IF(A26="","",EDATE($C$7,9-1)) | C26: =H25 | D26: =IF(C26>0.005,IF(C26+E26-$C$10<1,C26+E26,$C$10),0) | E26: =IF(C26>0.005,C26*$C$5/1200,0) | F26: =IF(C26>0.005,D26-E26,0) | G26: =IF(C26>0.005,MIN($C$8,C26-F26),0) | H26: =IF(C26>0.005,C26-F26-G26,0) | I26: =IF(A26="","",INT((9-1)/12)+1)
A27: =IF(C27>0.005,10,"") | B27: =IF(A27="","",EDATE($C$7,10-1)) | C27: =H26 | D27: =IF(C27>0.005,IF(C27+E27-$C$10<1,C27+E27,$C$10),0) | E27: =IF(C27>0.005,C27*$C$5/1200,0) | F27: =IF(C27>0.005,D27-E27,0) | G27: =IF(C27>0.005,MIN($C$8,C27-F27),0) | H27: =IF(C27>0.005,C27-F27-G27,0) | I27: =IF(A27="","",INT((10-1)/12)+1)
A28: =IF(C28>0.005,11,"") | B28: =IF(A28="","",EDATE($C$7,11-1)) | C28: =H27 | D28: =IF(C28>0.005,IF(C28+E28-$C$10<1,C28+E28,$C$10),0) | E28: =IF(C28>0.005,C28*$C$5/1200,0) | F28: =IF(C28>0.005,D28-E28,0) | G28: =IF(C28>0.005,MIN($C$8,C28-F28),0) | H28: =IF(C28>0.005,C28-F28-G28,0) | I28: =IF(A28="","",INT((11-1)/12)+1)
A29: =IF(C29>0.005,12,"") | B29: =IF(A29="","",EDATE($C$7,12-1)) | C29: =H28 | D29: =IF(C29>0.005,IF(C29+E29-$C$10<1,C29+E29,$C$10),0) | E29: =IF(C29>0.005,C29*$C$5/1200,0) | F29: =IF(C29>0.005,D29-E29,0) | G29: =IF(C29>0.005,MIN($C$8,C29-F29),0) | H29: =IF(C29>0.005,C29-F29-G29,0) | I29: =IF(A29="","",INT((12-1)/12)+1)
A30: =IF(C30>0.005,13,"") | B30: =IF(A30="","",EDATE($C$7,13-1)) | C30: =H29 | D30: =IF(C30>0.005,IF(C30+E30-$C$10<1,C30+E30,$C$10),0) | E30: =IF(C30>0.005,C30*$C$5/1200,0) | F30: =IF(C30>0.005,D30-E30,0) | G30: =IF(C30>0.005,MIN($C$8,C30-F30),0) | H30: =IF(C30>0.005,C30-F30-G30,0) | I30: =IF(A30="","",INT((13-1)/12)+1)
A31: =IF(C31>0.005,14,"") | B31: =IF(A31="","",EDATE($C$7,14-1)) | C31: =H30 | D31: =IF(C31>0.005,IF(C31+E31-$C$10<1,C31+E31,$C$10),0) | E31: =IF(C31>0.005,C31*$C$5/1200,0) | F31: =IF(C31>0.005,D31-E31,0) | G31: =IF(C31>0.005,MIN($C$8,C31-F31),0) | H31: =IF(C31>0.005,C31-F31-G31,0) | I31: =IF(A31="","",INT((14-1)/12)+1)
A32: =IF(C32>0.005,15,"") | B32: =IF(A32="","",EDATE($C$7,15-1)) | C32: =H31 | D32: =IF(C32>0.005,IF(C32+E32-$C$10<1,C32+E32,$C$10),0) | E32: =IF(C32>0.005,C32*$C$5/1200,0) | F32: =IF(C32>0.005,D32-E32,0) | G32: =IF(C32>0.005,MIN($C$8,C32-F32),0) | H32: =IF(C32>0.005,C32-F32-G32,0) | I32: =IF(A32="","",INT((15-1)/12)+1)
A33: =IF(C33>0.005,16,"") | B33: =IF(A33="","",EDATE($C$7,16-1)) | C33: =H32 | D33: =IF(C33>0.005,IF(C33+E33-$C$10<1,C33+E33,$C$10),0) | E33: =IF(C33>0.005,C33*$C$5/1200,0) | F33: =IF(C33>0.005,D33-E33,0) | G33: =IF(C33>0.005,MIN($C$8,C33-F33),0) | H33: =IF(C33>0.005,C33-F33-G33,0) | I33: =IF(A33="","",INT((16-1)/12)+1)
A34: =IF(C34>0.005,17,"") | B34: =IF(A34="","",EDATE($C$7,17-1)) | C34: =H33 | D34: =IF(C34>0.005,IF(C34+E34-$C$10<1,C34+E34,$C$10),0) | E34: =IF(C34>0.005,C34*$C$5/1200,0) | F34: =IF(C34>0.005,D34-E34,0) | G34: =IF(C34>0.005,MIN($C$8,C34-F34),0) | H34: =IF(C34>0.005,C34-F34-G34,0) | I34: =IF(A34="","",INT((17-1)/12)+1)
A35: =IF(C35>0.005,18,"") | B35: =IF(A35="","",EDATE($C$7,18-1)) | C35: =H34 | D35: =IF(C35>0.005,IF(C35+E35-$C$10<1,C35+E35,$C$10),0) | E35: =IF(C35>0.005,C35*$C$5/1200,0) | F35: =IF(C35>0.005,D35-E35,0) | G35: =IF(C35>0.005,MIN($C$8,C35-F35),0) | H35: =IF(C35>0.005,C35-F35-G35,0) | I35: =IF(A35="","",INT((18-1)/12)+1)
A36: =IF(C36>0.005,19,"") | B36: =IF(A36="","",EDATE($C$7,19-1)) | C36: =H35 | D36: =IF(C36>0.005,IF(C36+E36-$C$10<1,C36+E36,$C$10),0) | E36: =IF(C36>0.005,C36*$C$5/1200,0) | F36: =IF(C36>0.005,D36-E36,0) | G36: =IF(C36>0.005,MIN($C$8,C36-F36),0) | H36: =IF(C36>0.005,C36-F36-G36,0) | I36: =IF(A36="","",INT((19-1)/12)+1)
A37: =IF(C37>0.005,20,"") | B37: =IF(A37="","",EDATE($C$7,20-1)) | C37: =H36 | D37: =IF(C37>0.005,IF(C37+E37-$C$10<1,C37+E37,$C$10),0) | E37: =IF(C37>0.005,C37*$C$5/1200,0) | F37: =IF(C37>0.005,D37-E37,0) | G37: =IF(C37>0.005,MIN($C$8,C37-F37),0) | H37: =IF(C37>0.005,C37-F37-G37,0) | I37: =IF(A37="","",INT((20-1)/12)+1)
A38: =IF(C38>0.005,21,"") | B38: =IF(A38="","",EDATE($C$7,21-1)) | C38: =H37 | D38: =IF(C38>0.005,IF(C38+E38-$C$10<1,C38+E38,$C$10),0) | E38: =IF(C38>0.005,C38*$C$5/1200,0) | F38: =IF(C38>0.005,D38-E38,0) | G38: =IF(C38>0.005,MIN($C$8,C38-F38),0) | H38: =IF(C38>0.005,C38-F38-G38,0) | I38: =IF(A38="","",INT((21-1)/12)+1)
A39: =IF(C39>0.005,22,"") | B39: =IF(A39="","",EDATE($C$7,22-1)) | C39: =H38 | D39: =IF(C39>0.005,IF(C39+E39-$C$10<1,C39+E39,$C$10),0) | E39: =IF(C39>0.005,C39*$C$5/1200,0) | F39: =IF(C39>0.005,D39-E39,0) | G39: =IF(C39>0.005,MIN($C$8,C39-F39),0) | H39: =IF(C39>0.005,C39-F39-G39,0) | I39: =IF(A39="","",INT((22-1)/12)+1)
A40: =IF(C40>0.005,23,"") | B40: =IF(A40="","",EDATE($C$7,23-1)) | C40: =H39 | D40: =IF(C40>0.005,IF(C40+E40-$C$10<1,C40+E40,$C$10),0) | E40: =IF(C40>0.005,C40*$C$5/1200,0) | F40: =IF(C40>0.005,D40-E40,0) | G40: =IF(C40>0.005,MIN($C$8,C40-F40),0) | H40: =IF(C40>0.005,C40-F40-G40,0) | I40: =IF(A40="","",INT((23-1)/12)+1)
A41: =IF(C41>0.005,24,"") | B41: =IF(A41="","",EDATE($C$7,24-1)) | C41: =H40 | D41: =IF(C41>0.005,IF(C41+E41-$C$10<1,C41+E41,$C$10),0) | E41: =IF(C41>0.005,C41*$C$5/1200,0) | F41: =IF(C41>0.005,D41-E41,0) | G41: =IF(C41>0.005,MIN($C$8,C41-F41),0) | H41: =IF(C41>0.005,C41-F41-G41,0) | I41: =IF(A41="","",INT((24-1)/12)+1)
A42: =IF(C42>0.005,25,"") | B42: =IF(A42="","",EDATE($C$7,25-1)) | C42: =H41 | D42: =IF(C42>0.005,IF(C42+E42-$C$10<1,C42+E42,$C$10),0) | E42: =IF(C42>0.005,C42*$C$5/1200,0) | F42: =IF(C42>0.005,D42-E42,0) | G42: =IF(C42>0.005,MIN($C$8,C42-F42),0) | H42: =IF(C42>0.005,C42-F42-G42,0) | I42: =IF(A42="","",INT((25-1)/12)+1)
A43: =IF(C43>0.005,26,"") | B43: =IF(A43="","",EDATE($C$7,26-1)) | C43: =H42 | D43: =IF(C43>0.005,IF(C43+E43-$C$10<1,C43+E43,$C$10),0) | E43: =IF(C43>0.005,C43*$C$5/1200,0) | F43: =IF(C43>0.005,D43-E43,0) | G43: =IF(C43>0.005,MIN($C$8,C43-F43),0) | H43: =IF(C43>0.005,C43-F43-G43,0) | I43: =IF(A43="","",INT((26-1)/12)+1)
A44: =IF(C44>0.005,27,"") | B44: =IF(A44="","",EDATE($C$7,27-1)) | C44: =H43 | D44: =IF(C44>0.005,IF(C44+E44-$C$10<1,C44+E44,$C$10),0) | E44: =IF(C44>0.005,C44*$C$5/1200,0) | F44: =IF(C44>0.005,D44-E44,0) | G44: =IF(C44>0.005,MIN($C$8,C44-F44),0) | H44: =IF(C44>0.005,C44-F44-G44,0) | I44: =IF(A44="","",INT((27-1)/12)+1)
A45: =IF(C45>0.005,28,"") | B45: =IF(A45="","",EDATE($C$7,28-1)) | C45: =H44 | D45: =IF(C45>0.005,IF(C45+E45-$C$10<1,C45+E45,$C$10),0) | E45: =IF(C45>0.005,C45*$C$5/1200,0) | F45: =IF(C45>0.005,D45-E45,0) | G45: =IF(C45>0.005,MIN($C$8,C45-F45),0) | H45: =IF(C45>0.005,C45-F45-G45,0) | I45: =IF(A45="","",INT((28-1)/12)+1)
A46: =IF(C46>0.005,29,"") | B46: =IF(A46="","",EDATE($C$7,29-1)) | C46: =H45 | D46: =IF(C46>0.005,IF(C46+E46-$C$10<1,C46+E46,$C$10),0) | E46: =IF(C46>0.005,C46*$C$5/1200,0) | F46: =IF(C46>0.005,D46-E46,0) | G46: =IF(C46>0.005,MIN($C$8,C46-F46),0) | H46: =IF(C46>0.005,C46-F46-G46,0) | I46: =IF(A46="","",INT((29-1)/12)+1)
A47: =IF(C47>0.005,30,"") | B47: =IF(A47="","",EDATE($C$7,30-1)) | C47: =H46 | D47: =IF(C47>0.005,IF(C47+E47-$C$10<1,C47+E47,$C$10),0) | E47: =IF(C47>0.005,C47*$C$5/1200,0) | F47: =IF(C47>0.005,D47-E47,0) | G47: =IF(C47>0.005,MIN($C$8,C47-F47),0) | H47: =IF(C47>0.005,C47-F47-G47,0) | I47: =IF(A47="","",INT((30-1)/12)+1)
A48: =IF(C48>0.005,31,"") | B48: =IF(A48="","",EDATE($C$7,31-1)) | C48: =H47 | D48: =IF(C48>0.005,IF(C48+E48-$C$10<1,C48+E48,$C$10),0) | E48: =IF(C48>0.005,C48*$C$5/1200,0) | F48: =IF(C48>0.005,D48-E48,0) | G48: =IF(C48>0.005,MIN($C$8,C48-F48),0) | H48: =IF(C48>0.005,C48-F48-G48,0) | I48: =IF(A48="","",INT((31-1)/12)+1)
A49: =IF(C49>0.005,32,"") | B49: =IF(A49="","",EDATE($C$7,32-1)) | C49: =H48 | D49: =IF(C49>0.005,IF(C49+E49-$C$10<1,C49+E49,$C$10),0) | E49: =IF(C49>0.005,C49*$C$5/1200,0) | F49: =IF(C49>0.005,D49-E49,0) | G49: =IF(C49>0.005,MIN($C$8,C49-F49),0) | H49: =IF(C49>0.005,C49-F49-G49,0) | I49: =IF(A49="","",INT((32-1)/12)+1)
A50: =IF(C50>0.005,33,"") | B50: =IF(A50="","",EDATE($C$7,33-1)) | C50: =H49 | D50: =IF(C50>0.005,IF(C50+E50-$C$10<1,C50+E50,$C$10),0) | E50: =IF(C50>0.005,C50*$C$5/1200,0) | F50: =IF(C50>0.005,D50-E50,0) | G50: =IF(C50>0.005,MIN($C$8,C50-F50),0) | H50: =IF(C50>0.005,C50-F50-G50,0) | I50: =IF(A50="","",INT((33-1)/12)+1)
A51: =IF(C51>0.005,34,"") | B51: =IF(A51="","",EDATE($C$7,34-1)) | C51: =H50 | D51: =IF(C51>0.005,IF(C51+E51-$C$10<1,C51+E51,$C$10),0) | E51: =IF(C51>0.005,C51*$C$5/1200,0) | F51: =IF(C51>0.005,D51-E51,0) | G51: =IF(C51>0.005,MIN($C$8,C51-F51),0) | H51: =IF(C51>0.005,C51-F51-G51,0) | I51: =IF(A51="","",INT((34-1)/12)+1)
A52: =IF(C52>0.005,35,"") | B52: =IF(A52="","",EDATE($C$7,35-1)) | C52: =H51 | D52: =IF(C52>0.005,IF(C52+E52-$C$10<1,C52+E52,$C$10),0) | E52: =IF(C52>0.005,C52*$C$5/1200,0) | F52: =IF(C52>0.005,D52-E52,0) | G52: =IF(C52>0.005,MIN($C$8,C52-F52),0) | H52: =IF(C52>0.005,C52-F52-G52,0) | I52: =IF(A52="","",INT((35-1)/12)+1)
A53: =IF(C53>0.005,36,"") | B53: =IF(A53="","",EDATE($C$7,36-1)) | C53: =H52 | D53: =IF(C53>0.005,IF(C53+E53-$C$10<1,C53+E53,$C$10),0) | E53: =IF(C53>0.005,C53*$C$5/1200,0) | F53: =IF(C53>0.005,D53-E53,0) | G53: =IF(C53>0.005,MIN($C$8,C53-F53),0) | H53: =IF(C53>0.005,C53-F53-G53,0) | I53: =IF(A53="","",INT((36-1)/12)+1)
A54: =IF(C54>0.005,37,"") | B54: =IF(A54="","",EDATE($C$7,37-1)) | C54: =H53 | D54: =IF(C54>0.005,IF(C54+E54-$C$10<1,C54+E54,$C$10),0) | E54: =IF(C54>0.005,C54*$C$5/1200,0) | F54: =IF(C54>0.005,D54-E54,0) | G54: =IF(C54>0.005,MIN($C$8,C54-F54),0) | H54: =IF(C54>0.005,C54-F54-G54,0) | I54: =IF(A54="","",INT((37-1)/12)+1)
A55: =IF(C55>0.005,38,"") | B55: =IF(A55="","",EDATE($C$7,38-1)) | C55: =H54 | D55: =IF(C55>0.005,IF(C55+E55-$C$10<1,C55+E55,$C$10),0) | E55: =IF(C55>0.005,C55*$C$5/1200,0) | F55: =IF(C55>0.005,D55-E55,0) | G55: =IF(C55>0.005,MIN($C$8,C55-F55),0) | H55: =IF(C55>0.005,C55-F55-G55,0) | I55: =IF(A55="","",INT((38-1)/12)+1)
A56: =IF(C56>0.005,39,"") | B56: =IF(A56="","",EDATE($C$7,39-1)) | C56: =H55 | D56: =IF(C56>0.005,IF(C56+E56-$C$10<1,C56+E56,$C$10),0) | E56: =IF(C56>0.005,C56*$C$5/1200,0) | F56: =IF(C56>0.005,D56-E56,0) | G56: =IF(C56>0.005,MIN($C$8,C56-F56),0) | H56: =IF(C56>0.005,C56-F56-G56,0) | I56: =IF(A56="","",INT((39-1)/12)+1)
A57: =IF(C57>0.005,40,"") | B57: =IF(A57="","",EDATE($C$7,40-1)) | C57: =H56 | D57: =IF(C57>0.005,IF(C57+E57-$C$10<1,C57+E57,$C$10),0) | E57: =IF(C57>0.005,C57*$C$5/1200,0) | F57: =IF(C57>0.005,D57-E57,0) | G57: =IF(C57>0.005,MIN($C$8,C57-F57),0) | H57: =IF(C57>0.005,C57-F57-G57,0) | I57: =IF(A57="","",INT((40-1)/12)+1)
A58: =IF(C58>0.005,41,"") | B58: =IF(A58="","",EDATE($C$7,41-1)) | C58: =H57 | D58: =IF(C58>0.005,IF(C58+E58-$C$10<1,C58+E58,$C$10),0) | E58: =IF(C58>0.005,C58*$C$5/1200,0) | F58: =IF(C58>0.005,D58-E58,0) | G58: =IF(C58>0.005,MIN($C$8,C58-F58),0) | H58: =IF(C58>0.005,C58-F58-G58,0) | I58: =IF(A58="","",INT((41-1)/12)+1)
A59: =IF(C59>0.005,42,"") | B59: =IF(A59="","",EDATE($C$7,42-1)) | C59: =H58 | D59: =IF(C59>0.005,IF(C59+E59-$C$10<1,C59+E59,$C$10),0) | E59: =IF(C59>0.005,C59*$C$5/1200,0) | F59: =IF(C59>0.005,D59-E59,0) | G59: =IF(C59>0.005,MIN($C$8,C59-F59),0) | H59: =IF(C59>0.005,C59-F59-G59,0) | I59: =IF(A59="","",INT((42-1)/12)+1)
A60: =IF(C60>0.005,43,"") | B60: =IF(A60="","",EDATE($C$7,43-1)) | C60: =H59 | D60: =IF(C60>0.005,IF(C60+E60-$C$10<1,C60+E60,$C$10),0) | E60: =IF(C60>0.005,C60*$C$5/1200,0) | F60: =IF(C60>0.005,D60-E60,0) | G60: =IF(C60>0.005,MIN($C$8,C60-F60),0) | H60: =IF(C60>0.005,C60-F60-G60,0) | I60: =IF(A60="","",INT((43-1)/12)+1)
A61: =IF(C61>0.005,44,"") | B61: =IF(A61="","",EDATE($C$7,44-1)) | C61: =H60 | D61: =IF(C61>0.005,IF(C61+E61-$C$10<1,C61+E61,$C$10),0) | E61: =IF(C61>0.005,C61*$C$5/1200,0) | F61: =IF(C61>0.005,D61-E61,0) | G61: =IF(C61>0.005,MIN($C$8,C61-F61),0) | H61: =IF(C61>0.005,C61-F61-G61,0) | I61: =IF(A61="","",INT((44-1)/12)+1)
A62: =IF(C62>0.005,45,"") | B62: =IF(A62="","",EDATE($C$7,45-1)) | C62: =H61 | D62: =IF(C62>0.005,IF(C62+E62-$C$10<1,C62+E62,$C$10),0) | E62: =IF(C62>0.005,C62*$C$5/1200,0) | F62: =IF(C62>0.005,D62-E62,0) | G62: =IF(C62>0.005,MIN($C$8,C62-F62),0) | H62: =IF(C62>0.005,C62-F62-G62,0) | I62: =IF(A62="","",INT((45-1)/12)+1)
A63: =IF(C63>0.005,46,"") | B63: =IF(A63="","",EDATE($C$7,46-1)) | C63: =H62 | D63: =IF(C63>0.005,IF(C63+E63-$C$10<1,C63+E63,$C$10),0) | E63: =IF(C63>0.005,C63*$C$5/1200,0) | F63: =IF(C63>0.005,D63-E63,0) | G63: =IF(C63>0.005,MIN($C$8,C63-F63),0) | H63: =IF(C63>0.005,C63-F63-G63,0) | I63: =IF(A63="","",INT((46-1)/12)+1)
A64: =IF(C64>0.005,47,"") | B64: =IF(A64="","",EDATE($C$7,47-1)) | C64: =H63 | D64: =IF(C64>0.005,IF(C64+E64-$C$10<1,C64+E64,$C$10),0) | E64: =IF(C64>0.005,C64*$C$5/1200,0) | F64: =IF(C64>0.005,D64-E64,0) | G64: =IF(C64>0.005,MIN($C$8,C64-F64),0) | H64: =IF(C64>0.005,C64-F64-G64,0) | I64: =IF(A64="","",INT((47-1)/12)+1)
A65: =IF(C65>0.005,48,"") | B65: =IF(A65="","",EDATE($C$7,48-1)) | C65: =H64 | D65: =IF(C65>0.005,IF(C65+E65-$C$10<1,C65+E65,$C$10),0) | E65: =IF(C65>0.005,C65*$C$5/1200,0) | F65: =IF(C65>0.005,D65-E65,0) | G65: =IF(C65>0.005,MIN($C$8,C65-F65),0) | H65: =IF(C65>0.005,C65-F65-G65,0) | I65: =IF(A65="","",INT((48-1)/12)+1)
A66: =IF(C66>0.005,49,"") | B66: =IF(A66="","",EDATE($C$7,49-1)) | C66: =H65 | D66: =IF(C66>0.005,IF(C66+E66-$C$10<1,C66+E66,$C$10),0) | E66: =IF(C66>0.005,C66*$C$5/1200,0) | F66: =IF(C66>0.005,D66-E66,0) | G66: =IF(C66>0.005,MIN($C$8,C66-F66),0) | H66: =IF(C66>0.005,C66-F66-G66,0) | I66: =IF(A66="","",INT((49-1)/12)+1)
A67: =IF(C67>0.005,50,"") | B67: =IF(A67="","",EDATE($C$7,50-1)) | C67: =H66 | D67: =IF(C67>0.005,IF(C67+E67-$C$10<1,C67+E67,$C$10),0) | E67: =IF(C67>0.005,C67*$C$5/1200,0) | F67: =IF(C67>0.005,D67-E67,0) | G67: =IF(C67>0.005,MIN($C$8,C67-F67),0) | H67: =IF(C67>0.005,C67-F67-G67,0) | I67: =IF(A67="","",INT((50-1)/12)+1)
A68: =IF(C68>0.005,51,"") | B68: =IF(A68="","",EDATE($C$7,51-1)) | C68: =H67 | D68: =IF(C68>0.005,IF(C68+E68-$C$10<1,C68+E68,$C$10),0) | E68: =IF(C68>0.005,C68*$C$5/1200,0) | F68: =IF(C68>0.005,D68-E68,0) | G68: =IF(C68>0.005,MIN($C$8,C68-F68),0) | H68: =IF(C68>0.005,C68-F68-G68,0) | I68: =IF(A68="","",INT((51-1)/12)+1)
A69: =IF(C69>0.005,52,"") | B69: =IF(A69="","",EDATE($C$7,52-1)) | C69: =H68 | D69: =IF(C69>0.005,IF(C69+E69-$C$10<1,C69+E69,$C$10),0) | E69: =IF(C69>0.005,C69*$C$5/1200,0) | F69: =IF(C69>0.005,D69-E69,0) | G69: =IF(C69>0.005,MIN($C$8,C69-F69),0) | H69: =IF(C69>0.005,C69-F69-G69,0) | I69: =IF(A69="","",INT((52-1)/12)+1)
A70: =IF(C70>0.005,53,"") | B70: =IF(A70="","",EDATE($C$7,53-1)) | C70: =H69 | D70: =IF(C70>0.005,IF(C70+E70-$C$10<1,C70+E70,$C$10),0) | E70: =IF(C70>0.005,C70*$C$5/1200,0) | F70: =IF(C70>0.005,D70-E70,0) | G70: =IF(C70>0.005,MIN($C$8,C70-F70),0) | H70: =IF(C70>0.005,C70-F70-G70,0) | I70: =IF(A70="","",INT((53-1)/12)+1)
A71: =IF(C71>0.005,54,"") | B71: =IF(A71="","",EDATE($C$7,54-1)) | C71: =H70 | D71: =IF(C71>0.005,IF(C71+E71-$C$10<1,C71+E71,$C$10),0) | E71: =IF(C71>0.005,C71*$C$5/1200,0) | F71: =IF(C71>0.005,D71-E71,0) | G71: =IF(C71>0.005,MIN($C$8,C71-F71),0) | H71: =IF(C71>0.005,C71-F71-G71,0) | I71: =IF(A71="","",INT((54-1)/12)+1)
A72: =IF(C72>0.005,55,"") | B72: =IF(A72="","",EDATE($C$7,55-1)) | C72: =H71 | D72: =IF(C72>0.005,IF(C72+E72-$C$10<1,C72+E72,$C$10),0) | E72: =IF(C72>0.005,C72*$C$5/1200,0) | F72: =IF(C72>0.005,D72-E72,0) | G72: =IF(C72>0.005,MIN($C$8,C72-F72),0) | H72: =IF(C72>0.005,C72-F72-G72,0) | I72: =IF(A72="","",INT((55-1)/12)+1)
A73: =IF(C73>0.005,56,"") | B73: =IF(A73="","",EDATE($C$7,56-1)) | C73: =H72 | D73: =IF(C73>0.005,IF(C73+E73-$C$10<1,C73+E73,$C$10),0) | E73: =IF(C73>0.005,C73*$C$5/1200,0) | F73: =IF(C73>0.005,D73-E73,0) | G73: =IF(C73>0.005,MIN($C$8,C73-F73),0) | H73: =IF(C73>0.005,C73-F73-G73,0) | I73: =IF(A73="","",INT((56-1)/12)+1)
A74: =IF(C74>0.005,57,"") | B74: =IF(A74="","",EDATE($C$7,57-1)) | C74: =H73 | D74: =IF(C74>0.005,IF(C74+E74-$C$10<1,C74+E74,$C$10),0) | E74: =IF(C74>0.005,C74*$C$5/1200,0) | F74: =IF(C74>0.005,D74-E74,0) | G74: =IF(C74>0.005,MIN($C$8,C74-F74),0) | H74: =IF(C74>0.005,C74-F74-G74,0) | I74: =IF(A74="","",INT((57-1)/12)+1)
A75: =IF(C75>0.005,58,"") | B75: =IF(A75="","",EDATE($C$7,58-1)) | C75: =H74 | D75: =IF(C75>0.005,IF(C75+E75-$C$10<1,C75+E75,$C$10),0) | E75: =IF(C75>0.005,C75*$C$5/1200,0) | F75: =IF(C75>0.005,D75-E75,0) | G75: =IF(C75>0.005,MIN($C$8,C75-F75),0) | H75: =IF(C75>0.005,C75-F75-G75,0) | I75: =IF(A75="","",INT((58-1)/12)+1)
A76: =IF(C76>0.005,59,"") | B76: =IF(A76="","",EDATE($C$7,59-1)) | C76: =H75 | D76: =IF(C76>0.005,IF(C76+E76-$C$10<1,C76+E76,$C$10),0) | E76: =IF(C76>0.005,C76*$C$5/1200,0) | F76: =IF(C76>0.005,D76-E76,0) | G76: =IF(C76>0.005,MIN($C$8,C76-F76),0) | H76: =IF(C76>0.005,C76-F76-G76,0) | I76: =IF(A76="","",INT((59-1)/12)+1)
A77: =IF(C77>0.005,60,"") | B77: =IF(A77="","",EDATE($C$7,60-1)) | C77: =H76 | D77: =IF(C77>0.005,IF(C77+E77-$C$10<1,C77+E77,$C$10),0) | E77: =IF(C77>0.005,C77*$C$5/1200,0) | F77: =IF(C77>0.005,D77-E77,0) | G77: =IF(C77>0.005,MIN($C$8,C77-F77),0) | H77: =IF(C77>0.005,C77-F77-G77,0) | I77: =IF(A77="","",INT((60-1)/12)+1)
A78: =IF(C78>0.005,61,"") | B78: =IF(A78="","",EDATE($C$7,61-1)) | C78: =H77 | D78: =IF(C78>0.005,IF(C78+E78-$C$10<1,C78+E78,$C$10),0) | E78: =IF(C78>0.005,C78*$C$5/1200,0) | F78: =IF(C78>0.005,D78-E78,0) | G78: =IF(C78>0.005,MIN($C$8,C78-F78),0) | H78: =IF(C78>0.005,C78-F78-G78,0) | I78: =IF(A78="","",INT((61-1)/12)+1)
A79: =IF(C79>0.005,62,"") | B79: =IF(A79="","",EDATE($C$7,62-1)) | C79: =H78 | D79: =IF(C79>0.005,IF(C79+E79-$C$10<1,C79+E79,$C$10),0) | E79: =IF(C79>0.005,C79*$C$5/1200,0) | F79: =IF(C79>0.005,D79-E79,0) | G79: =IF(C79>0.005,MIN($C$8,C79-F79),0) | H79: =IF(C79>0.005,C79-F79-G79,0) | I79: =IF(A79="","",INT((62-1)/12)+1)
A80: =IF(C80>0.005,63,"") | B80: =IF(A80="","",EDATE($C$7,63-1)) | C80: =H79 | D80: =IF(C80>0.005,IF(C80+E80-$C$10<1,C80+E80,$C$10),0) | E80: =IF(C80>0.005,C80*$C$5/1200,0) | F80: =IF(C80>0.005,D80-E80,0) | G80: =IF(C80>0.005,MIN($C$8,C80-F80),0) | H80: =IF(C80>0.005,C80-F80-G80,0) | I80: =IF(A80="","",INT((63-1)/12)+1)
A81: =IF(C81>0.005,64,"") | B81: =IF(A81="","",EDATE($C$7,64-1)) | C81: =H80 | D81: =IF(C81>0.005,IF(C81+E81-$C$10<1,C81+E81,$C$10),0) | E81: =IF(C81>0.005,C81*$C$5/1200,0) | F81: =IF(C81>0.005,D81-E81,0) | G81: =IF(C81>0.005,MIN($C$8,C81-F81),0) | H81: =IF(C81>0.005,C81-F81-G81,0) | I81: =IF(A81="","",INT((64-1)/12)+1)
A82: =IF(C82>0.005,65,"") | B82: =IF(A82="","",EDATE($C$7,65-1)) | C82: =H81 | D82: =IF(C82>0.005,IF(C82+E82-$C$10<1,C82+E82,$C$10),0) | E82: =IF(C82>0.005,C82*$C$5/1200,0) | F82: =IF(C82>0.005,D82-E82,0) | G82: =IF(C82>0.005,MIN($C$8,C82-F82),0) | H82: =IF(C82>0.005,C82-F82-G82,0) | I82: =IF(A82="","",INT((65-1)/12)+1)
A83: =IF(C83>0.005,66,"") | B83: =IF(A83="","",EDATE($C$7,66-1)) | C83: =H82 | D83: =IF(C83>0.005,IF(C83+E83-$C$10<1,C83+E83,$C$10),0) | E83: =IF(C83>0.005,C83*$C$5/1200,0) | F83: =IF(C83>0.005,D83-E83,0) | G83: =IF(C83>0.005,MIN($C$8,C83-F83),0) | H83: =IF(C83>0.005,C83-F83-G83,0) | I83: =IF(A83="","",INT((66-1)/12)+1)
A84: =IF(C84>0.005,67,"") | B84: =IF(A84="","",EDATE($C$7,67-1)) | C84: =H83 | D84: =IF(C84>0.005,IF(C84+E84-$C$10<1,C84+E84,$C$10),0) | E84: =IF(C84>0.005,C84*$C$5/1200,0) | F84: =IF(C84>0.005,D84-E84,0) | G84: =IF(C84>0.005,MIN($C$8,C84-F84),0) | H84: =IF(C84>0.005,C84-F84-G84,0) | I84: =IF(A84="","",INT((67-1)/12)+1)
A85: =IF(C85>0.005,68,"") | B85: =IF(A85="","",EDATE($C$7,68-1)) | C85: =H84 | D85: =IF(C85>0.005,IF(C85+E85-$C$10<1,C85+E85,$C$10),0) | E85: =IF(C85>0.005,C85*$C$5/1200,0) | F85: =IF(C85>0.005,D85-E85,0) | G85: =IF(C85>0.005,MIN($C$8,C85-F85),0) | H85: =IF(C85>0.005,C85-F85-G85,0) | I85: =IF(A85="","",INT((68-1)/12)+1)
A86: =IF(C86>0.005,69,"") | B86: =IF(A86="","",EDATE($C$7,69-1)) | C86: =H85 | D86: =IF(C86>0.005,IF(C86+E86-$C$10<1,C86+E86,$C$10),0) | E86: =IF(C86>0.005,C86*$C$5/1200,0) | F86: =IF(C86>0.005,D86-E86,0) | G86: =IF(C86>0.005,MIN($C$8,C86-F86),0) | H86: =IF(C86>0.005,C86-F86-G86,0) | I86: =IF(A86="","",INT((69-1)/12)+1)
A87: =IF(C87>0.005,70,"") | B87: =IF(A87="","",EDATE($C$7,70-1)) | C87: =H86 | D87: =IF(C87>0.005,IF(C87+E87-$C$10<1,C87+E87,$C$10),0) | E87: =IF(C87>0.005,C87*$C$5/1200,0) | F87: =IF(C87>0.005,D87-E87,0) | G87: =IF(C87>0.005,MIN($C$8,C87-F87),0) | H87: =IF(C87>0.005,C87-F87-G87,0) | I87: =IF(A87="","",INT((70-1)/12)+1)
A88: =IF(C88>0.005,71,"") | B88: =IF(A88="","",EDATE($C$7,71-1)) | C88: =H87 | D88: =IF(C88>0.005,IF(C88+E88-$C$10<1,C88+E88,$C$10),0) | E88: =IF(C88>0.005,C88*$C$5/1200,0) | F88: =IF(C88>0.005,D88-E88,0) | G88: =IF(C88>0.005,MIN($C$8,C88-F88),0) | H88: =IF(C88>0.005,C88-F88-G88,0) | I88: =IF(A88="","",INT((71-1)/12)+1)
A89: =IF(C89>0.005,72,"") | B89: =IF(A89="","",EDATE($C$7,72-1)) | C89: =H88 | D89: =IF(C89>0.005,IF(C89+E89-$C$10<1,C89+E89,$C$10),0) | E89: =IF(C89>0.005,C89*$C$5/1200,0) | F89: =IF(C89>0.005,D89-E89,0) | G89: =IF(C89>0.005,MIN($C$8,C89-F89),0) | H89: =IF(C89>0.005,C89-F89-G89,0) | I89: =IF(A89="","",INT((72-1)/12)+1)
A90: =IF(C90>0.005,73,"") | B90: =IF(A90="","",EDATE($C$7,73-1)) | C90: =H89 | D90: =IF(C90>0.005,IF(C90+E90-$C$10<1,C90+E90,$C$10),0) | E90: =IF(C90>0.005,C90*$C$5/1200,0) | F90: =IF(C90>0.005,D90-E90,0) | G90: =IF(C90>0.005,MIN($C$8,C90-F90),0) | H90: =IF(C90>0.005,C90-F90-G90,0) | I90: =IF(A90="","",INT((73-1)/12)+1)
A91: =IF(C91>0.005,74,"") | B91: =IF(A91="","",EDATE($C$7,74-1)) | C91: =H90 | D91: =IF(C91>0.005,IF(C91+E91-$C$10<1,C91+E91,$C$10),0) | E91: =IF(C91>0.005,C91*$C$5/1200,0) | F91: =IF(C91>0.005,D91-E91,0) | G91: =IF(C91>0.005,MIN($C$8,C91-F91),0) | H91: =IF(C91>0.005,C91-F91-G91,0) | I91: =IF(A91="","",INT((74-1)/12)+1)
A92: =IF(C92>0.005,75,"") | B92: =IF(A92="","",EDATE($C$7,75-1)) | C92: =H91 | D92: =IF(C92>0.005,IF(C92+E92-$C$10<1,C92+E92,$C$10),0) | E92: =IF(C92>0.005,C92*$C$5/1200,0) | F92: =IF(C92>0.005,D92-E92,0) | G92: =IF(C92>0.005,MIN($C$8,C92-F92),0) | H92: =IF(C92>0.005,C92-F92-G92,0) | I92: =IF(A92="","",INT((75-1)/12)+1)
A93: =IF(C93>0.005,76,"") | B93: =IF(A93="","",EDATE($C$7,76-1)) | C93: =H92 | D93: =IF(C93>0.005,IF(C93+E93-$C$10<1,C93+E93,$C$10),0) | E93: =IF(C93>0.005,C93*$C$5/1200,0) | F93: =IF(C93>0.005,D93-E93,0) | G93: =IF(C93>0.005,MIN($C$8,C93-F93),0) | H93: =IF(C93>0.005,C93-F93-G93,0) | I93: =IF(A93="","",INT((76-1)/12)+1)
A94: =IF(C94>0.005,77,"") | B94: =IF(A94="","",EDATE($C$7,77-1)) | C94: =H93 | D94: =IF(C94>0.005,IF(C94+E94-$C$10<1,C94+E94,$C$10),0) | E94: =IF(C94>0.005,C94*$C$5/1200,0) | F94: =IF(C94>0.005,D94-E94,0) | G94: =IF(C94>0.005,MIN($C$8,C94-F94),0) | H94: =IF(C94>0.005,C94-F94-G94,0) | I94: =IF(A94="","",INT((77-1)/12)+1)
A95: =IF(C95>0.005,78,"") | B95: =IF(A95="","",EDATE($C$7,78-1)) | C95: =H94 | D95: =IF(C95>0.005,IF(C95+E95-$C$10<1,C95+E95,$C$10),0) | E95: =IF(C95>0.005,C95*$C$5/1200,0) | F95: =IF(C95>0.005,D95-E95,0) | G95: =IF(C95>0.005,MIN($C$8,C95-F95),0) | H95: =IF(C95>0.005,C95-F95-G95,0) | I95: =IF(A95="","",INT((78-1)/12)+1)
A96: =IF(C96>0.005,79,"") | B96: =IF(A96="","",EDATE($C$7,79-1)) | C96: =H95 | D96: =IF(C96>0.005,IF(C96+E96-$C$10<1,C96+E96,$C$10),0) | E96: =IF(C96>0.005,C96*$C$5/1200,0) | F96: =IF(C96>0.005,D96-E96,0) | G96: =IF(C96>0.005,MIN($C$8,C96-F96),0) | H96: =IF(C96>0.005,C96-F96-G96,0) | I96: =IF(A96="","",INT((79-1)/12)+1)
A97: =IF(C97>0.005,80,"") | B97: =IF(A97="","",EDATE($C$7,80-1)) | C97: =H96 | D97: =IF(C97>0.005,IF(C97+E97-$C$10<1,C97+E97,$C$10),0) | E97: =IF(C97>0.005,C97*$C$5/1200,0) | F97: =IF(C97>0.005,D97-E97,0) | G97: =IF(C97>0.005,MIN($C$8,C97-F97),0) | H97: =IF(C97>0.005,C97-F97-G97,0) | I97: =IF(A97="","",INT((80-1)/12)+1)
A98: =IF(C98>0.005,81,"") | B98: =IF(A98="","",EDATE($C$7,81-1)) | C98: =H97 | D98: =IF(C98>0.005,IF(C98+E98-$C$10<1,C98+E98,$C$10),0) | E98: =IF(C98>0.005,C98*$C$5/1200,0) | F98: =IF(C98>0.005,D98-E98,0) | G98: =IF(C98>0.005,MIN($C$8,C98-F98),0) | H98: =IF(C98>0.005,C98-F98-G98,0) | I98: =IF(A98="","",INT((81-1)/12)+1)
A99: =IF(C99>0.005,82,"") | B99: =IF(A99="","",EDATE($C$7,82-1)) | C99: =H98 | D99: =IF(C99>0.005,IF(C99+E99-$C$10<1,C99+E99,$C$10),0) | E99: =IF(C99>0.005,C99*$C$5/1200,0) | F99: =IF(C99>0.005,D99-E99,0) | G99: =IF(C99>0.005,MIN($C$8,C99-F99),0) | H99: =IF(C99>0.005,C99-F99-G99,0) | I99: =IF(A99="","",INT((82-1)/12)+1)
A100: =IF(C100>0.005,83,"") | B100: =IF(A100="","",EDATE($C$7,83-1)) | C100: =H99 | D100: =IF(C100>0.005,IF(C100+E100-$C$10<1,C100+E100,$C$10),0) | E100: =IF(C100>0.005,C100*$C$5/1200,0) | F100: =IF(C100>0.005,D100-E100,0) | G100: =IF(C100>0.005,MIN($C$8,C100-F100),0) | H100: =IF(C100>0.005,C100-F100-G100,0) | I100: =IF(A100="","",INT((83-1)/12)+1)
A101: =IF(C101>0.005,84,"") | B101: =IF(A101="","",EDATE($C$7,84-1)) | C101: =H100 | D101: =IF(C101>0.005,IF(C101+E101-$C$10<1,C101+E101,$C$10),0) | E101: =IF(C101>0.005,C101*$C$5/1200,0) | F101: =IF(C101>0.005,D101-E101,0) | G101: =IF(C101>0.005,MIN($C$8,C101-F101),0) | H101: =IF(C101>0.005,C101-F101-G101,0) | I101: =IF(A101="","",INT((84-1)/12)+1)
A102: =IF(C102>0.005,85,"") | B102: =IF(A102="","",EDATE($C$7,85-1)) | C102: =H101 | D102: =IF(C102>0.005,IF(C102+E102-$C$10<1,C102+E102,$C$10),0) | E102: =IF(C102>0.005,C102*$C$5/1200,0) | F102: =IF(C102>0.005,D102-E102,0) | G102: =IF(C102>0.005,MIN($C$8,C102-F102),0) | H102: =IF(C102>0.005,C102-F102-G102,0) | I102: =IF(A102="","",INT((85-1)/12)+1)
...

Sheet Yearly summary
A1: Year by year
A2: Early years are mostly interest. Look at how the split flips as the years pass.
A4: Year | B4: Interest paid | C4: Principal repaid | D4: Total paid | E4: Balance at year end
A5: 1 | B5: =SUMIFS(Schedule!$E$18:$E$497,Schedule!$I$18:$I$497,A5) | C5: =SUMIFS(Schedule!$F$18:$F$497,Schedule!$I$18:$I$497,A5)+SUMIFS(Schedule!$G$18:$G$497,Schedule!$I$18:$I$497,A5) | D5: =B5+C5 | E5: =IFERROR(INDEX(Schedule!$H$18:$H$497,MATCH(A5*12,Schedule!$A$18:$A$497,0)),0)
A6: 2 | B6: =SUMIFS(Schedule!$E$18:$E$497,Schedule!$I$18:$I$497,A6) | C6: =SUMIFS(Schedule!$F$18:$F$497,Schedule!$I$18:$I$497,A6)+SUMIFS(Schedule!$G$18:$G$497,Schedule!$I$18:$I$497,A6) | D6: =B6+C6 | E6: =IFERROR(INDEX(Schedule!$H$18:$H$497,MATCH(A6*12,Schedule!$A$18:$A$497,0)),0)
A7: 3 | B7: =SUMIFS(Schedule!$E$18:$E$497,Schedule!$I$18:$I$497,A7) | C7: =SUMIFS(Schedule!$F$18:$F$497,Schedule!$I$18:$I$497,A7)+SUMIFS(Schedule!$G$18:$G$497,Schedule!$I$18:$I$497,A7) | D7: =B7+C7 | E7: =IFERROR(INDEX(Schedule!$H$18:$H$497,MATCH(A7*12,Schedule!$A$18:$A$497,0)),0)
A8: 4 | B8: =SUMIFS(Schedule!$E$18:$E$497,Schedule!$I$18:$I$497,A8) | C8: =SUMIFS(Schedule!$F$18:$F$497,Schedule!$I$18:$I$497,A8)+SUMIFS(Schedule!$G$18:$G$497,Schedule!$I$18:$I$497,A8) | D8: =B8+C8 | E8: =IFERROR(INDEX(Schedule!$H$18:$H$497,MATCH(A8*12,Schedule!$A$18:$A$497,0)),0)
A9: 5 | B9: =SUMIFS(Schedule!$E$18:$E$497,Schedule!$I$18:$I$497,A9) | C9: =SUMIFS(Schedule!$F$18:$F$497,Schedule!$I$18:$I$497,A9)+SUMIFS(Schedule!$G$18:$G$497,Schedule!$I$18:$I$497,A9) | D9: =B9+C9 | E9: =IFERROR(INDEX(Schedule!$H$18:$H$497,MATCH(A9*12,Schedule!$A$18:$A$497,0)),0)
A10: 6 | B10: =SUMIFS(Schedule!$E$18:$E$497,Schedule!$I$18:$I$497,A10) | C10: =SUMIFS(Schedule!$F$18:$F$497,Schedule!$I$18:$I$497,A10)+SUMIFS(Schedule!$G$18:$G$497,Schedule!$I$18:$I$497,A10) | D10: =B10+C10 | E10: =IFERROR(INDEX(Schedule!$H$18:$H$497,MATCH(A10*12,Schedule!$A$18:$A$497,0)),0)
A11: 7 | B11: =SUMIFS(Schedule!$E$18:$E$497,Schedule!$I$18:$I$497,A11) | C11: =SUMIFS(Schedule!$F$18:$F$497,Schedule!$I$18:$I$497,A11)+SUMIFS(Schedule!$G$18:$G$497,Schedule!$I$18:$I$497,A11) | D11: =B11+C11 | E11: =IFERROR(INDEX(Schedule!$H$18:$H$497,MATCH(A11*12,Schedule!$A$18:$A$497,0)),0)
A12: 8 | B12: =SUMIFS(Schedule!$E$18:$E$497,Schedule!$I$18:$I$497,A12) | C12: =SUMIFS(Schedule!$F$18:$F$497,Schedule!$I$18:$I$497,A12)+SUMIFS(Schedule!$G$18:$G$497,Schedule!$I$18:$I$497,A12) | D12: =B12+C12 | E12: =IFERROR(INDEX(Schedule!$H$18:$H$497,MATCH(A12*12,Schedule!$A$18:$A$497,0)),0)
A13: 9 | B13: =SUMIFS(Schedule!$E$18:$E$497,Schedule!$I$18:$I$497,A13) | C13: =SUMIFS(Schedule!$F$18:$F$497,Schedule!$I$18:$I$497,A13)+SUMIFS(Schedule!$G$18:$G$497,Schedule!$I$18:$I$497,A13) | D13: =B13+C13 | E13: =IFERROR(INDEX(Schedule!$H$18:$H$497,MATCH(A13*12,Schedule!$A$18:$A$497,0)),0)
A14: 10 | B14: =SUMIFS(Schedule!$E$18:$E$497,Schedule!$I$18:$I$497,A14) | C14: =SUMIFS(Schedule!$F$18:$F$497,Schedule!$I$18:$I$497,A14)+SUMIFS(Schedule!$G$18:$G$497,Schedule!$I$18:$I$497,A14) | D14: =B14+C14 | E14: =IFERROR(INDEX(Schedule!$H$18:$H$497,MATCH(A14*12,Schedule!$A$18:$A$497,0)),0)
A15: 11 | B15: =SUMIFS(Schedule!$E$18:$E$497,Schedule!$I$18:$I$497,A15) | C15: =SUMIFS(Schedule!$F$18:$F$497,Schedule!$I$18:$I$497,A15)+SUMIFS(Schedule!$G$18:$G$497,Schedule!$I$18:$I$497,A15) | D15: =B15+C15 | E15: =IFERROR(INDEX(Schedule!$H$18:$H$497,MATCH(A15*12,Schedule!$A$18:$A$497,0)),0)
A16: 12 | B16: =SUMIFS(Schedule!$E$18:$E$497,Schedule!$I$18:$I$497,A16) | C16: =SUMIFS(Schedule!$F$18:$F$497,Schedule!$I$18:$I$497,A16)+SUMIFS(Schedule!$G$18:$G$497,Schedule!$I$18:$I$497,A16) | D16: =B16+C16 | E16: =IFERROR(INDEX(Schedule!$H$18:$H$497,MATCH(A16*12,Schedule!$A$18:$A$497,0)),0)
... A44: 40 | B44: =SUMIFS(Schedule!$E$18:$E$497,Schedule!$I$18:$I$497,A44) | C44: =SUMIFS(Schedule!$F$18:$F$497,Schedule!$I$18:$I$497,A44)+SUMIFS(Schedule!$G$18:$G$497,Schedule!$I$18:$I$497,A44) | D44: =B44+C44 | E44: =IFERROR(INDEX(Schedule!$H$18:$H$497,MATCH(A44*12,Schedule!$A$18:$A$497,0)),0)

Sheet How to use
A1: How to use this sheet
A2: 1. On the Schedule sheet, type your loan amount, yearly rate and tenure in the yellow cells. Use the outstanding amount and remaining years if the loan is already running.
A3: 2. Put the date of your next EMI in "First EMI date".
A4: 3. To see what extra payments do, type a monthly extra amount. Results show the interest saved and the months saved.
A5: 4. The Yearly summary sheet adds up each year. The Schedule sheet shades every 12th month so you can find year ends.
A7: What this sheet does not do
A8: It uses a flat rate for the whole loan. If your rate is floating and has changed, enter your current rate and remaining tenure.
A9: Banks round to the paisa and may count days, so your lender's statement can differ by a small amount. Ask for the statement if the gap is large.
A10: It does not include fees, insurance or prepayment charges.
A12: Check your own loan for free: loancheckup.in | Not financial advice.
